| TOP OF THE 1ST |
|
Birmingham Barons batting - Pitching for Montgomery Biscuits : RHP Angelo Mora
|
|
Pitching: RHP Angelo Mora
|
|
|
Batting: RHB Danny Heikkila
|
0-0: Ball 1-0: Ground out 6-3 (Groundball, 6S, EV 86.2 MPH)
|
|
Batting: SHB Veit Geisler
|
0-0: Fly out, F3 (Popup, 3SF, EV 76.2 MPH)
|
|
Batting: SHB Ruben Velasco Jr.
|
0-0: Swinging Strike 0-1: Ball 1-1: SINGLE (Line Drive, 89M, EV 87.5 MPH)
|
|
Batting: LHB Carlos Ramirez
|
0-0: Ball 1-0: 2-RUN HOME RUN (Flyball, 8LXD, EV 109.4 MPH), Distance : 429 ft
|
|
Batting: RHB Vic Lucatero
|
0-0: Foul Ball, location: 2F 0-1: DOUBLE (Flyball, 8LXD, EV 104.4 MPH)
|
|
Batting: LHB Jason Bell
|
0-0: SINGLE (Line Drive, 7LS, EV 108.8 MPH) Vic Lucatero to third Runner from 3rd tries for Home, SAFE, throw by LF to home
|
|
Batting: SHB Matt Childers
|
0-0: Ball 1-0: Called Strike 1-1: SINGLE (Groundball, 6MD, EV 95.6 MPH) Jason Bell to second
|
|
Batting: LHB Matt Hyde
|
0-0: Ball 1-0: Ball Wild Pitch! Jason Bell to third Matt Childers to second 2-0: Called Strike 2-1: Called Strike 2-2: DOUBLE (Flyball, 8LXD, EV 108.8 MPH) Jason Bell scores Matt Childers scores
|
|
Batting: RHB Trevor Conklin
|
0-0: Fly out, F9 (Flyball, 9S, EV 85.6 MPH)
|
| Top of the 1st over - 5 runs, 6 hits, 0 errors, 1 left on base; Birmingham 5 - Montgomery 0 |
| BOTTOM OF THE 1ST |
|
Montgomery Biscuits batting - Pitching for Birmingham Barons : RHP Cody Walsh
|
|
Pitching: RHP Cody Walsh
|
|
|
Batting: RHB Adam Turpin
|
0-0: Ball 1-0: Ball 2-0: Ball 3-0: Called Strike 3-1: Foul Ball, location: 2F 3-2: Base on Balls
|
|
Batting: LHB Alex Genao
|
0-0: Called Strike 0-1: Foul Ball, location: 2F 0-2: Strikes out swinging
|
|
Batting: SHB Wayne Hattan
|
0-0: Called Strike 0-1: Ball 1-1: Ball 2-1: Fielders Choice at 2nd, 3-6 (Groundball, 3, EV 103.1 MPH)
|
|
Batting: RHB Freddy Mullen
|
0-0: Swinging Strike 0-1: Foul Ball, location: 2F 0-2: Ball 1-2: SINGLE (Groundball, 56D, EV 97.5 MPH) Wayne Hattan to second
|
|
Batting: RHB Alex Zamora
|
0-0: Called Strike 0-1: Swinging Strike 0-2: Ball 1-2: Ball 2-2: Fly out, F7 (Flyball, 78M, EV 88.8 MPH)
|
| Bottom of the 1st over - 0 runs, 1 hit, 0 errors, 2 left on base; Birmingham 5 - Montgomery 0 |
| TOP OF THE 2ND |
|
Birmingham Barons batting - Pitching for Montgomery Biscuits : RHP Angelo Mora
|
|
Batting: RHB Danny Heikkila
|
0-0: Foul Ball, location: 2F 0-1: Swinging Strike 0-2: Foul Ball, location: 2F 0-2: Ball 1-2: Ball 2-2: Foul Ball, location: 2F 2-2: Ground out 1-3 (Groundball, 25, EV 67.5 MPH)
|
|
Batting: SHB Veit Geisler
|
0-0: Called Strike 0-1: Ball 1-1: Foul Ball, location: 2F 1-2: Ground out 4-3 (Groundball, 4, EV 88.8 MPH)
|
|
Batting: SHB Ruben Velasco Jr.
|
0-0: Ball 1-0: Called Strike 1-1: Ball 2-1: Called Strike 2-2: Foul Ball, location: 2F 2-2: Strikes out swinging
|
| Top of the 2nd over - 0 runs, 0 hits, 0 errors, 0 left on base; Birmingham 5 - Montgomery 0 |
| BOTTOM OF THE 2ND |
|
Montgomery Biscuits batting - Pitching for Birmingham Barons : RHP Cody Walsh
|
|
Batting: RHB Dan Marks
|
0-0: Ball 1-0: Called Strike 1-1: Ball 2-1: Ball 3-1: Called Strike 3-2: Foul Ball, location: 2F 3-2: Fly out, F3 (Popup, 3, EV 76.9 MPH)
|
|
Batting: RHB Dave Galloway
|
0-0: Ball 1-0: Called Strike 1-1: Ground out 4-3 (Groundball, 4, EV 78.8 MPH)
|
|
Batting: RHB Jason Penfield
|
0-0: Fly out, F8 (Flyball, 8LM, EV 87.5 MPH)
|
| Bottom of the 2nd over - 0 runs, 0 hits, 0 errors, 0 left on base; Birmingham 5 - Montgomery 0 |
| TOP OF THE 3RD |
|
Birmingham Barons batting - Pitching for Montgomery Biscuits : RHP Angelo Mora
|
|
Batting: LHB Carlos Ramirez
|
0-0: Swinging Strike 0-1: Swinging Strike 0-2: Ball 1-2: Strikes out swinging, 2-3 out at first.
|
|
Batting: RHB Vic Lucatero
|
0-0: Ground out 4-3 (Groundball, 4S, EV 80.6 MPH)
|
|
Batting: LHB Jason Bell
|
0-0: Ball 1-0: Ball 2-0: Ground out U3 (Groundball, 3S, EV 85.6 MPH)
|
| Top of the 3rd over - 0 runs, 0 hits, 0 errors, 0 left on base; Birmingham 5 - Montgomery 0 |
| BOTTOM OF THE 3RD |
|
Montgomery Biscuits batting - Pitching for Birmingham Barons : RHP Cody Walsh
|
|
Batting: LHB Rich Matthews
|
0-0: Ball 1-0: Called Strike 1-1: Ball 2-1: Foul Ball, location: 2F 2-2: Ball 3-2: DOUBLE (Line Drive, 78D, EV 101.2 MPH)
|
|
Batting: RHB Adam Turpin
|
0-0: Called Strike 0-1: Foul Ball, location: 2F 0-2: Ball 1-2: Ground out 6-3 (Groundball, 6, EV 85.0 MPH)
|
|
Batting: LHB Alex Genao
|
0-0: Ball 1-0: Ball 2-0: Called Strike 2-1: Ball 3-1: Base on Balls
|
|
Batting: SHB Wayne Hattan
|
0-0: Grounds into double play, 6-4-3 (Groundball, 6, EV 87.5 MPH)
|
| Bottom of the 3rd over - 0 runs, 1 hit, 0 errors, 1 left on base; Birmingham 5 - Montgomery 0 |
| TOP OF THE 4TH |
|
Birmingham Barons batting - Pitching for Montgomery Biscuits : RHP Angelo Mora
|
|
Batting: SHB Matt Childers
|
0-0: Called Strike 0-1: Ball 1-1: Ball 2-1: Foul Ball, location: 2F 2-2: Strikes out looking
|
|
Batting: LHB Matt Hyde
|
0-0: Called Strike 0-1: Hit by Pitch
|
|
Batting: RHB Trevor Conklin
|
0-0: Called Strike 0-1: Swinging Strike 0-2: Grounds into double play, 6-4-3 (Groundball, 6, EV 83.8 MPH)
|
| Top of the 4th over - 0 runs, 0 hits, 0 errors, 0 left on base; Birmingham 5 - Montgomery 0 |
| BOTTOM OF THE 4TH |
|
Montgomery Biscuits batting - Pitching for Birmingham Barons : RHP Cody Walsh
|
|
Batting: RHB Freddy Mullen
|
0-0: Swinging Strike 0-1: Foul Ball, location: 2F 0-2: Fly out, F4 (Popup, 4MD, EV 59.4 MPH)
|
|
Batting: RHB Alex Zamora
|
0-0: Called Strike 0-1: Ball 1-1: Ball 2-1: Ground out 1-3 (Groundball, 34S, EV 69.4 MPH)
|
|
Batting: RHB Dan Marks
|
0-0: Called Strike 0-1: Ground out 6-3 (Groundball, 6, EV 89.4 MPH)
|
| Bottom of the 4th over - 0 runs, 0 hits, 0 errors, 0 left on base; Birmingham 5 - Montgomery 0 |
| TOP OF THE 5TH |
|
Birmingham Barons batting - Pitching for Montgomery Biscuits : RHP Angelo Mora
|
|
Pitching: RHP Melvin Pena
|
|
|
Batting: RHB Danny Heikkila
|
0-0: Fly out, F8 (Flyball, 8LS, EV 91.9 MPH)
|
|
Batting: SHB Veit Geisler
|
0-0: Ball 1-0: Called Strike 1-1: Foul Ball, location: 2F 1-2: Ball 2-2: Ball 3-2: Strikes out swinging
|
|
Batting: SHB Ruben Velasco Jr.
|
0-0: Foul Ball, location: 2F 0-1: Foul Ball, location: 2F 0-2: Ball 1-2: Ball 2-2: Foul Ball, location: 2F 2-2: Foul Ball, location: 2F 2-2: Foul Ball, location: 2F 2-2: Ball 3-2: Ground out 4-3 (Groundball, 4M, EV 83.8 MPH)
|
| Top of the 5th over - 0 runs, 0 hits, 0 errors, 0 left on base; Birmingham 5 - Montgomery 0 |
| BOTTOM OF THE 5TH |
|
Montgomery Biscuits batting - Pitching for Birmingham Barons : RHP Cody Walsh
|
|
Batting: RHB Dave Galloway
|
0-0: Ball 1-0: Called Strike 1-1: Swinging Strike 1-2: Strikes out swinging
|
|
Batting: RHB Jason Penfield
|
0-0: Called Strike 0-1: Ball 1-1: Ball 2-1: Ball 3-1: Called Strike 3-2: Ground out 4-3 (Groundball, 4MD, EV 103.1 MPH)
|
|
Batting: LHB Rich Matthews
|
0-0: Called Strike 0-1: Foul Ball, location: 2F 0-2: Ball 1-2: Strikes out swinging
|
| Bottom of the 5th over - 0 runs, 0 hits, 0 errors, 0 left on base; Birmingham 5 - Montgomery 0 |
| TOP OF THE 6TH |
|
Birmingham Barons batting - Pitching for Montgomery Biscuits : RHP Melvin Pena
|
|
Batting: LHB Carlos Ramirez
|
0-0: Called Strike 0-1: Swinging Strike 0-2: Ball 1-2: Strikes out swinging
|
|
Batting: RHB Vic Lucatero
|
0-0: Ball 1-0: Ball 2-0: Ground out 4-3 (Groundball, 4S, EV 70.0 MPH)
|
|
Batting: LHB Jason Bell
|
0-0: Foul Ball, location: 2F 0-1: Foul Ball, location: 2F 0-2: Foul Ball, location: 2F 0-2: SINGLE (Line Drive, 3D, EV 96.2 MPH)
|
|
Batting: SHB Matt Childers
|
0-0: Called Strike 0-1: Fly out, F8 (Flyball, 8RM, EV 88.1 MPH)
|
| Top of the 6th over - 0 runs, 1 hit, 0 errors, 1 left on base; Birmingham 5 - Montgomery 0 |
| BOTTOM OF THE 6TH |
|
Montgomery Biscuits batting - Pitching for Birmingham Barons : RHP Cody Walsh
|
|
Batting: RHB Adam Turpin
|
0-0: Ball 1-0: Called Strike 1-1: Ball 2-1: Ground out 6-3 (Groundball, 56, EV 91.9 MPH)
|
|
Batting: LHB Alex Genao
|
0-0: Swinging Strike 0-1: Fly out, F7 (Line Drive, 7LM, EV 96.9 MPH)
|
|
Batting: SHB Wayne Hattan
|
0-0: Ball 1-0: Ground out U3 (Groundball, 34S, EV 89.4 MPH)
|
| Bottom of the 6th over - 0 runs, 0 hits, 0 errors, 0 left on base; Birmingham 5 - Montgomery 0 |
| TOP OF THE 7TH |
|
Birmingham Barons batting - Pitching for Montgomery Biscuits : RHP Melvin Pena
|
|
Batting: LHB Matt Hyde
|
0-0: Foul Ball, location: 2F 0-1: Ball 1-1: SINGLE (Line Drive, 4M, EV 104.4 MPH)
|
|
Batting: RHB Trevor Conklin
|
0-0: Ball 1-0: Ball 2-0: Called Strike 2-1: Ball 3-1: Base on Balls Matt Hyde to second
|
|
Batting: RHB Danny Heikkila
|
0-0: Called Strike 0-1: Foul Ball, location: 2F 0-2: Ball 1-2: Ball 2-2: Ball 3-2: SINGLE (Groundball, 56D, EV 95.6 MPH) Matt Hyde to third Trevor Conklin to second Runner from 3rd tries for Home, SAFE, throw by LF to home
|
|
Pitching: RHP Jeremy Price
|
|
|
Batting: SHB Veit Geisler
|
0-0: SINGLE (Groundball, 4D, EV 105.6 MPH) Trevor Conklin to third Danny Heikkila to second
|
|
Batting: SHB Ruben Velasco Jr.
|
0-0: Ball 1-0: Fielders Choice at 2nd, 6-4 (Groundball, 6, EV 78.8 MPH) Trevor Conklin scores Danny Heikkila to third
|
|
Batting: LHB Carlos Ramirez
|
0-0: Ball 1-0: Called Strike 1-1: Ball 2-1: Foul Ball, location: 2F 2-2: Ball Ruben Velasco Jr. steals 2nd base 3-2: Strikes out swinging
|
|
Batting: RHB Vic Lucatero
|
0-0: Foul Ball, location: 2F 0-1: Ground out 1-3 (Groundball, 15S, EV 70.6 MPH)
|
| Top of the 7th over - 2 runs, 3 hits, 0 errors, 2 left on base; Birmingham 7 - Montgomery 0 |
| BOTTOM OF THE 7TH |
|
Montgomery Biscuits batting - Pitching for Birmingham Barons : RHP Cody Walsh
|
|
Now at 1B: Dalton Silveira
|
|
|
Batting: RHB Freddy Mullen
|
0-0: Called Strike 0-1: Ball 1-1: Swinging Strike 1-2: Foul Ball, location: 2F 1-2: Ball 2-2: Ball 3-2: Strikes out swinging
|
|
Batting: RHB Alex Zamora
|
0-0: Foul Ball, location: 2F 0-1: Called Strike 0-2: Foul Ball, location: 2F 0-2: Strikes out looking
|
|
Batting: RHB Dan Marks
|
0-0: Called Strike 0-1: Reached on error, E8 (Flyball, 8RD, EV 100.0 MPH)
|
|
Pitching: RHP Toyotoshi Matsui
|
|
|
Batting: RHB Dave Galloway
|
0-0: Called Strike 0-1: Swinging Strike 0-2: Ball 1-2: Ball 2-2: Strikes out swinging
|
| Bottom of the 7th over - 0 runs, 0 hits, 1 error, 1 left on base; Birmingham 7 - Montgomery 0 |
| TOP OF THE 8TH |
|
Birmingham Barons batting - Pitching for Montgomery Biscuits : RHP Jeremy Price
|
|
Batting: LHB Jason Bell
|
0-0: Foul Ball, location: 2F 0-1: Foul Ball, location: 2F 0-2: Ball 1-2: Ball 2-2: Ball 3-2: Ground out 5-3 (Groundball, 56S, EV 87.5 MPH)
|
|
Batting: SHB Matt Childers
|
0-0: Foul Ball, location: 2F 0-1: Ball 1-1: Ground out 4-3 (Groundball, 4, EV 84.4 MPH)
|
|
Batting: LHB Matt Hyde
|
0-0: Ball 1-0: Foul Ball, location: 2F 1-1: Ground out 6-3 (Groundball, 6, EV 85.6 MPH)
|
| Top of the 8th over - 0 runs, 0 hits, 0 errors, 0 left on base; Birmingham 7 - Montgomery 0 |
| BOTTOM OF THE 8TH |
|
Montgomery Biscuits batting - Pitching for Birmingham Barons : RHP Toyotoshi Matsui
|
|
Batting: RHB Jason Penfield
|
0-0: Called Strike 0-1: Foul Ball, location: 2F 0-2: SINGLE (Line Drive, 89S, EV 93.1 MPH)
|
|
Batting: LHB Rich Matthews
|
0-0: Grounds into double play, 6-4-3 (Groundball, 6, EV 88.1 MPH)
|
|
Pinch Hitting: RHB Isaiah Easter
|
0-0: Called Strike 0-1: SINGLE (Line Drive, 89M, EV 103.1 MPH)
|
|
Batting: LHB Alex Genao
|
0-0: Ball 1-0: Ball 2-0: Called Strike 2-1: Ground out U3 (Groundball, 23, EV 83.8 MPH)
|
| Bottom of the 8th over - 0 runs, 2 hits, 0 errors, 1 left on base; Birmingham 7 - Montgomery 0 |
| TOP OF THE 9TH |
|
Birmingham Barons batting - Pitching for Montgomery Biscuits : RHP Jeremy Price
|
|
Now in CF: Isaiah Easter
|
|
|
Batting: RHB Trevor Conklin
|
0-0: Ball 1-0: Foul Ball, location: 2F 1-1: DOUBLE (Line Drive, 78D, EV 106.9 MPH)
|
|
Batting: RHB Danny Heikkila
|
0-0: Ball 1-0: Called Strike 1-1: Fly out, F8 (Line Drive, 8RD, EV 92.5 MPH)
|
|
Batting: SHB Veit Geisler
|
0-0: Called Strike 0-1: Ball 1-1: Fly out, F7 (Flyball, 7, EV 91.2 MPH)
|
|
Batting: SHB Ruben Velasco Jr.
|
0-0: Called Strike 0-1: Ground out 4-3 (Groundball, 4S, EV 75.0 MPH)
|
| Top of the 9th over - 0 runs, 1 hit, 0 errors, 1 left on base; Birmingham 7 - Montgomery 0 |
| BOTTOM OF THE 9TH |
|
Montgomery Biscuits batting - Pitching for Birmingham Barons : RHP Toyotoshi Matsui
|
|
Batting: SHB Wayne Hattan
|
0-0: Ball 1-0: Swinging Strike 1-1: Ball 2-1: Ball 3-1: Base on Balls
|
|
Pitching: LHP Amari Miller
|
|
|
Batting: RHB Freddy Mullen
|
0-0: Called Strike 0-1: Swinging Strike 0-2: Ball 1-2: Foul Ball, location: 2F 1-2: Ball 2-2: Strikes out swinging
|
|
Batting: RHB Alex Zamora
|
0-0: Ball 1-0: Ball 2-0: Called Strike 2-1: Foul Ball, location: 2F 2-2: Ball 3-2: Strikes out swinging
|
|
Batting: RHB Dan Marks
|
0-0: Called Strike 0-1: Ball 1-1: Called Strike 1-2: Foul Ball, location: 2F 1-2: Foul Ball, location: 2F 1-2: Ball 2-2: Ball 3-2: Foul Ball, location: 2F 3-2: Base on Balls Wayne Hattan to second
|
|
Batting: RHB Dave Galloway
|
0-0: Called Strike 0-1: Foul Ball, location: 2F 0-2: Ball 1-2: Strikes out swinging
|
| Bottom of the 9th over - 0 runs, 0 hits, 0 errors, 2 left on base; Birmingham 7 - Montgomery 0 |
|